 Dungeon Crawl Stone Soup version 0.31.0-11-ge490571c62 (webtiles) character file.

Game seed: 10441128768396382854

108 LobsterGuardian the Slasher (level 4, -1/41 HPs)
             Began as a Minotaur Monk on Feb 2, 2024.
             Slain by Crazy Yiuf
             ... wielding a +2 quarterstaff of chaos
              (8 damage)
             ... on level 2 of the Dungeon.
             The game lasted 00:03:29 (1869 turns).

LobsterGuardian the Slasher (Minotaur Monk)         Turns: 1869, Time: 00:03:30

Health: -1/41      AC:  5    Str: 16    XL:     4   Next: 58%
Magic:  3/3        EV: 13    Int:  7    God:
Gold:   141        SH:  0    Dex: 14    Spells: 3/3 levels left

rFire   . . .        a - +0 falchion
rCold   . . .        d - orb {light}
rNeg    . . .        b - +0 robe
rPois   .            (helmet restricted)
rElec   .            (no cloak)
rCorr   .            (no gloves)
SInv    .            j - +2 pair of boots
Will    .....        (no amulet)
Stlth   +            (no ring)
HPRegen 0.26/turn    (no ring)
MPRegen 0.08/turn

%: no passive effects
@: confused, lethally poisoned (-1 -> -6), ambrosia-drunk, hasted, glowing, very
quick
A: horns 2, retaliatory headbutt
a: no special abilities


You were on level 2 of the Dungeon.
You visited 1 branch of the dungeon, and saw 2 of its levels.

You collected 141 gold pieces.

Inventory:

Hand Weapons
 a - a +0 falchion (weapon)
Armour
 b - a +0 robe (worn)
 d - an orb of light (worn)
 j - a +2 pair of boots (worn)
Jewellery
 h - an amulet of reflection
 i - a ring of protection from cold
 k - a ring of poison resistance
Scrolls
 e - 2 scrolls of teleportation
 f - a scroll of fog {unknown}
 l - a scroll of noise {unknown}
Potions
 c - 2 potions of ambrosia
 g - a potion of brilliance


   Skills:
 + Level 4.4 Fighting
 * Level 5.4 Long Blades
 + Level 3.9 Dodging


You had 3 spell levels left.
You didn't know any spells.
Your spell library contained the following spells:

 Spells                   Type           Power      Damage    Failure   Level
 Ensorcelled Hibernation  Hex/Ice        0%         N/A       56%         2
 Passwall                 Erth           0%         N/A       80%         3
 Swiftness                Air            0%         N/A       80%         3


Dungeon Overview and Level Annotations

Branches:
Dungeon (2/15)

Altars:

Shops:
D:2 ?

Annotations:
D:2 Crazy Yiuf


Innate Abilities, Weirdness & Mutations

You have a pair of horns on your head.
You reflexively headbutt those who attack you in melee.


Message History

You are poisoned.
Crazy Yiuf hits you with a +2 quarterstaff of chaos!
You slash Crazy Yiuf!
Crazy Yiuf is heavily wounded.
You feel very sick. Crazy Yiuf barely misses you.
You hit Crazy Yiuf.
Crazy Yiuf is severely wounded.
* * * LOW HITPOINT WARNING * * *
You feel very sick. Crazy Yiuf closely misses you.
Unknown command.
You are confused.
You feel invigorated.
* * * LOW HITPOINT WARNING * * *
You feel very sick.
Crazy Yiuf hits you with a +2 quarterstaff of chaos.
* * * LOW HITPOINT WARNING * * *
Crazy Yiuf draws strength from your wounds!
Unknown command.
Unknown command.
You hit Crazy Yiuf but do no damage.
Crazy Yiuf is severely wounded.
* * * LOW HITPOINT WARNING * * *
You feel very sick. Crazy Yiuf barely misses you.
Unknown command.
You bump into the tree.
You feel sick.
Crazy Yiuf hits you with a +2 quarterstaff of chaos.
* * * LOW HITPOINT WARNING * * *
You feel yourself speed up.
Unknown command.
You hit Crazy Yiuf.
Crazy Yiuf is almost dead.
* * * LOW HITPOINT WARNING * * *
You feel sick.
Unknown command.
You bump into the stone wall.
You feel sick.
Crazy Yiuf hits you with a +2 quarterstaff of chaos!
You die...

#.......#######....##
##.#.#.## ........#
#....# ##...##
........# ♣..P.♣
#..#..# #.......#
♣♣...♣ ######...##
######.## ♣♣.♣♣
#....##.## #.# ♣♣.♣
#....#÷).# #.#####
♣.♣♣ #....##.## #
#.....# ♣♣.♣
#....##.#### #.....#
♣@♣♣ #....##.##..
#.....# #g#
#....##.##.# #.....#
... #...##..#..#
#.#...# #...#
###......>## #.#.#.#
#)..# #.#######
#.#.#.# ##### #.#
#.#.#.# #.#
#.#.#.######### #.#
#...........#.# #.#


You could see Crazy Yiuf.

Vanquished Creatures
  Jessica (D:2)
  3 adders (D:2)
  A dart slug (D:1)
  3 endoplasms
  3 goblins
  6 hobgoblins
  4 jackals
  5 quokkas
  5 ball pythons
  3 bats
  3 frilled lizards (D:1)
  7 kobolds
  8 rats
52 creatures vanquished.

Notes
Turn   | Place    | Note
-------+----------+-------------------------------------------
     0 | D:1      | LobsterGuardian the Minotaur Monk began the quest for the
                  | Orb.
     0 | D:1      | Reached XP level 1. HP: 19/19 MP: 0/0
   236 | D:1      | Reached skill level 4 in Long Blades
   353 | D:1      | Reached XP level 2. HP: 25/27 MP: 1/1
   417 | D:1      | Found a faded altar of an unknown god.
   858 | D:1      | Reached XP level 3. HP: 14/33 MP: 2/2
  1134 | D:2      | Found Ydofos's Magic Scroll Shop.
  1287 | D:2      | Reached skill level 5 in Long Blades
  1368 | D:2      | Reached XP level 4. HP: 38/40 MP: 3/3
  1479 | D:2      | Noticed Jessica
  1483 | D:2      | Killed Jessica
  1488 | D:2      | Identified the +1 sling of Fimbulwinter {heavy, rElec}
  1777 | D:2      | Found a runed translucent door.
  1778 | D:2      | Noticed Crazy Yiuf
  1869 | D:2      | Slain by Crazy Yiuf

Illustrated notes

Levels and vault maps discovered:
D:1:      lemuel_arrival_funnel, layout_loops_corners, basic_ecumenical_altar,
          minmay_misc_feat_rows, minmay_split_cup_large
D:2:      minmay_spotlight, layout_basic, serial_shops, nicolae_shop_tiny_glass,
          uniq_crazy_yiuf_cottage, uniq_jessica

Skill      XL: |  1  2  3 |
---------------+----------+-----
Long Blades    | 4 5 |  5.4
Fighting       | 4 |  4.4
Dodging        | |  3.9

Action                     |  1- 3 |  4- 6 || total
---------------------------+-------+-------++-------
  Melee: Falchion          |    73 |    15 ||    88
         Headbutt          |    13 |     4 ||    17
    Use: Scroll            |     2 |     1 ||     3
         Potion            |       |     1 ||     1
 Armour: Robe              |    46 |     9 ||    55
  Dodge: Dodged            |    52 |     5 ||    57
